 Dungeon Crawl Stone Soup version 0.22-a0-608-g8a62e23 (webtiles) character file.

26 Hebeh the Firebug (level 2, -1/16 HPs)
             Began as a Deep Elf Fire Elementalist on July 9, 2018.
             Slain by a goblin (2 damage)
             ... led by Robin
             ... on level 2 of the Dungeon.
             The game lasted 00:03:18 (1061 turns).

Hebeh the Firebug (Deep Elf Fire Elementalist)      Turns: 1061, Time: 00:03:19

Health: -1/16      AC:  2    Str:  5    XL:     2   Next: 89%
Magic:  5/8        EV: 13    Int: 19    God:
Gold:   63         SH:  0    Dex: 15    Spells: 7/8 levels left

rFire    . . .     SeeInvis .   e - +0 dagger
rCold    . . .     Gourm    .   (no shield)
rNeg     . . .     Faith    .   a - +0 robe
rPois    .         Spirit   .   (no helmet)
rElec    .         Reflect  .   (no cloak)
rCorr    .         Harm     .   (no gloves)
MR       .....                  (no boots)
Stlth    ++........             (no amulet)
HPRegen  0.05/turn              (no ring)
MPRegen  0.11/turn              (no ring)

@: no status effects
A: no striking features
a: no special abilities


You were on level 2 of the Dungeon.
You were not hungry.

You visited 1 branch of the dungeon, and saw 2 of its levels.

You collected 63 gold pieces.

Inventory:

Hand Weapons
 e - a +0 dagger (weapon)
Missiles
 b - 17 sling bullets
Armour
 a - a +0 robe (worn)
Scrolls
 d - 3 scrolls of identify {unknown}
 g - a scroll of fog {unknown}
 i - 2 scrolls of remove curse {unknown}
Potions
 f - a potion of lignification {unknown}
Comestibles
 c - a ration
 h - 10 chunks of flesh


   Skills:
 + Level 0.3 Fighting
 - Level 2.4 Dodging
 - Level 2.4 Stealth
 * Level 3.6 Spellcasting
 * Level 2.0 Conjurations
 * Level 3.6 Fire Magic


You had 7 spell levels left.
You knew the following spells:

 Your Spells              Type           Power        Failure   Level  Hunger
a - Flame Tongue          Conj/Fire      ##...        4%          1    None

Your spell library contained the following spells:

 Spells                   Type           Power        Failure   Level  Hunger
 Fireball                 Conj/Fire      ##........   77%         5    ######.
 Conjure Flame            Conj/Fire      ##......     13%         3    ###....
 Throw Flame              Conj/Fire      ##....       7%          2    ##.....
 Sticky Flame             Conj/Fire      ##......     41%         4    ####...
 Inner Flame              Hex/Fire       ##......     21%         3    ###....


Dungeon Overview and Level Annotations

Branches:
Dungeon (2/15)

Altars:

Annotations:
D:2 Robin


Message History

The goblins go into a battle-frenzy!
The goblin misses you. The goblin hits you but does no damage.
You hear a shout!
The bat hits you but does no damage. The goblin misses you.
The goblin closely misses you. The bat hits you but does no damage.
You barely miss the bat. The bat barely misses you. The bat misses you.
The hobgoblin hits you. The goblin closely misses you.
The bat closely misses you. The hobgoblin hits you.
The goblin barely misses you.
You hit the bat but do no damage. The bat hits you.
* * * LOW HITPOINT WARNING * * *
The goblin misses you. The goblin closely misses you.
The goblin barely misses you.
You barely miss the hobgoblin. The goblin barely misses you.
A rat comes into view.
The hobgoblin hits you.
* * * LOW HITPOINT WARNING * * *
The goblin hits you.
You die...

.. ##.##.# ..#. ...#.#
.... #..#.# # . .....
#..#.#.# g.
.%...####..#.#.#....#
.....>........r.....#
......bgggg..).#....#
.......@g..g........#
#.....ggg...........####
.......†....>...........
.......................#
........................
#.......##'#.#..........
##......##.#.######.....
##.....##.#.# #....)..
###......#.# #.......


You could see Robin, 3 hobgoblins, 5 goblins, a bat and a rat (wandering).

Vanquished Creatures
  An ooze (D:1)
  2 dart slugs (D:1)
  2 giant cockroaches
  A hobgoblin (D:2)
  3 jackals (D:2)
  A kobold (D:1)
  A quokka (D:2)
  2 bats (D:1)
  A frilled lizard (D:1)
  2 goblins (D:2)
  A rat (D:1)
17 creatures vanquished.

Notes
Turn   | Place    | Note
-------+----------+-------------------------------------------
     0 | D:1      | Hebeh the Deep Elf Fire Elementalist began the quest for the Orb.
     0 | D:1      | Reached XP level 1. HP: 10/10 MP: 6/6
   247 | D:1      | Reached XP level 2. HP: 15/15 MP: 4/8
  1048 | D:2      | Noticed Robin
  1061 | D:2      | Slain by a goblin

Vault maps used:
D:1:      matt_arrival_diagonals, minivault_19, minmay_pentomino_u2
D:2:      first_ration, chequers_ecumenical_altar_simple_redux,
          kennysheep_pointless_box, tso_metal_star, uniq_robin

Skill      XL: |  1  2 |
---------------+-------+-----
Conjurations   | 2 |  2.0
Fighting       | |  0.3
Dodging        | |  2.4
Stealth        | |  2.4
Spellcasting   | |  3.6
Fire Magic     | |  3.6

Action                   || total
-------------------------++-------
Melee: Dagger            ||     4
 Cast: Flame Tongue      ||    31
Armor: Robe              ||     5
Dodge: Dodged            ||    22

Table legend:
 A = Spawn XP
 B = Non-spawn XP
 C = Spawn XP percentage of total XP
 D = Spawn monster count
 E = Non-spawn monster count
 F = Spawn count percentage of total count
 G = Total turns spent on level
                    A         B        C        D         E        F      G
               +---------+---------+-------+---------+---------+-------+---------
         Total |       0 |      38 |   0.0 |       0 |      17 |   0.0 |  1061
               +---------+---------+-------+---------+---------+-------+---------
           D:1 |       0 |      23 |   0.0 |       0 |       9 |   0.0 |   940
           D:2 |       0 |      15 |   0.0 |       0 |       8 |   0.0 |   121
               +---------+---------+-------+---------+---------+-------+---------
